AoeStats
← omi_omar

Nomad

510374452Analyzed
2v2 RM · 24h ago on Sep 30, 2026· 40m 44s· 4 players
Game mode
Random Map
Map size
176×176
Population
200
Speed
Normal
Resources
Standard
Victory
Conquest
Starting age
Dark Age
Ending age
Imperial Age
RankedLock teamsTeams togetherTeam positionsShared explorationLock speedFull tech treeHidden civsTurbo modeCheats
Victory
Defeat
🇩🇰 Huns · Denmark
814
+15
🇬🇧 Lithuanians · United Kingdom
777
+17
🇧🇪 Burgundians · Belgium
862
-50
🇨🇭 Huns · Switzerland
741
-14
Mr Duddz
3:22 Loom
13:49 Feudal Age
15:10 Wheelbarrow
14:40 Fishing Lines
20:22 Castle Age
22:33 Bloodlines
24:14 Horse Collar
28:17 Gold Mining
30:40 Husbandry
John Travoldtar
4:28 Loom
15:03 Feudal Age
15:34 Double-Bit Axe
15:42 Gold Mining
15:36 Fishing Lines
19:54 Fletching
20:05 Padded Archer Armor
22:54 Stone Mining
26:21 Castle Age
26:36 Crossbowman
27:21 Thumb Ring
27:14 Bodkin Arrow
27:34 Leather Archer Armor
27:22 Squires
27:32 Gillnets
28:47 Bow Saw
30:16 Scale Barding Armor
30:11 Scale Mail Armor
30:21 Forging
32:14 Ballistics
35:19 Imperial Age
33:38 Masonry
34:47 Wheelbarrow
34:15 Town Watch
34:39 Scale Barding Armor
34:44 Forging
34:55 Pikeman
35:38 Devotion
35:58 Sanctity
35:37 Murder Holes
35:53 Clinker Construction
35:49 Town Patrol
36:04 Hand Cart
35:52 Scale Mail Armor
36:31 Gold Shaft Mining
35:48 Stone Mining
37:22 Two-Man Saw
37:27 Chemistry
37:39 Bloodlines
37:29 Husbandry
36:50 Cavalier
38:55 Bracer
39:12 Chain Mail Armor
39:50 Chain Barding Armor
38:54 Man-at-Arms
39:57 Carvel Hull
39:02 Light Cavalry
40:25 Fervor
41:58 Iron Casting
omi_omar
3:22 Loom
15:15 Feudal Age
Meskhetian
5:18 Wheelbarrow
18:15 Horse Collar
18:28 Double-Bit Axe
22:46 Feudal Age
23:39 Heavy Plow
23:57 Hand Cart
24:15 Bow Saw
27:06 Gold Mining
29:04 Scale Barding Armor
29:10 Forging
32:38 Castle Age
30:29 Town Watch
30:31 Loom
31:04 Gold Mining
35:47 Town Patrol
Connection lost

Rejoining the realm…

Still unreachable

The connection could not be restored.

Session expired

The server has moved on; the page needs a fresh start.